 Dungeon Crawl Stone Soup version 0.31.0-4-g52a2dc7128 (webtiles) character file.

Game seed: 18137746080246988868

1885 McKennaii the Destroyer (level 8, -1/85 HPs)
             Began as a Demigod Conjurer on Jan 22, 2024.
             Slain by a killer bee (5 damage)
             ... on level 7 of the Dungeon on Jan 23, 2024.
             The game lasted 00:06:13 (6535 turns).

McKennaii the Destroyer (Demigod Conjurer)          Turns: 6535, Time: 00:06:13

Health: -1/85      AC: 24    Str:  8    XL:     8   Next: 61%
Magic:  2/22       EV:  2    Int: 28    God:
Gold:   327        SH:  0    Dex: 12    Spells: 11/21 levels left

rFire   . . .        v - +4 rapier (elec)
rCold   . . .        (no shield)
rNeg    . . .        w - melded +0 leather armour {Will+}
rPois   +            i - melded +0 helmet
rElec   .            a - melded +0 cloak
rCorr   .            u - melded +0 pair of gloves
SInv    .            (boots currently unavailable)
Will    .....        (no amulet)
Stlth   ++           (no ring)
HPRegen 0.34/turn    (no ring)
MPRegen 0.18/turn

%: no passive effects
@: tree-form
A: stationary, stasis, torment immunity, boosted hp, high MP 1, forlorn, divine
attributes
a: no special abilities


You were on level 7 of the Dungeon.
You were a tree.
You visited 1 branch of the dungeon, and saw 7 of its levels.
You also visited: Sewer.

You collected 327 gold pieces.

Inventory:

Hand Weapons
 v - a +4 rapier of electrocution (weapon)
Armour
 a - a +0 cloak (melded)
 i - a +0 helmet (melded)
 u - a +0 pair of gloves (melded)
 w - a +0 leather armour of willpower (melded)
Wands
 m - a wand of flame (25)
 z - a wand of paralysis (8)
Scrolls
 g - a scroll of poison {unknown}
 j - a scroll of amnesia {unknown}
 k - a scroll of torment {unknown}
 l - 2 scrolls of vulnerability {unknown}
 n - 2 scrolls of enchant armour {unknown}
 o - a scroll of butterflies {unknown}
 q - a scroll of immolation {unknown}
 r - a scroll of enchant weapon {unknown}
 s - 2 scrolls of identify {unknown}
 t - a scroll of noise {unknown}
 x - a scroll of fear {unknown}
 y - 2 scrolls of teleportation {unknown}
Potions
 b - a potion of magic
 c - 2 potions of lignification
 d - 2 potions of curing
 e - 5 potions of enlightenment
 f - a potion of heal wounds
 h - 2 potions of brilliance {unknown}
 p - 2 potions of attraction {unknown}


   Skills:
 - Level 1.7 Dodging
 - Level 1.7 Stealth
 + Level 7.1 Spellcasting
 + Level 8.4 Conjurations


You had 11 spell levels left.
You knew the following spells:

 Your Spells              Type           Power      Damage    Failure   Level
a - Magic Dart            Conj           100%       1d8       1%          1
b - Searing Ray           Conj           100%       2d8       1%          2
c - Iskenderun's Mystic   Conj/Tloc      33%        2d8       10%         4
d - Stone Arrow           Conj/Erth      66%        3d11      3%          3

Your spell library contained the following spells:

 Spells                   Type           Power      Damage    Failure   Level
 Ensorcelled Hibernation  Hex/Ice        18%        N/A       9%          2
 Fulminant Prism          Conj/Alch      16%        3d10      10%         4
 Passwall                 Erth           9%         N/A       16%         3
 Swiftness                Air            9%         N/A       16%         3
 Volatile Blastmotes      Fire/Tloc      18%        2d11      16%         3
 Animate Armour           Summ/Erth      18%        N/A       47%         4
 Lehudib's Crystal Spear  Conj/Erth      16%        10d5      100%        8


Dungeon Overview and Level Annotations

Branches:
Dungeon (7/15)             Temple (0/1) D:4           Sewer (visited)

Shops:
D:1 [   D:7 (


Innate Abilities, Weirdness & Mutations

You are a tree.
Your roots penetrate the ground, keeping you stationary.
You cannot be teleported.
You are immune to unholy pain and torment.
Your maximum health is greatly increased.
Your equipment is partially melded.
You have an increased reservoir of magic. (+10% MP)
You shall have no god before yourself.
Your divine heritage dramatically boosts your attributes as you level up.


Message History

You miss the killer bee.
You feel sick.
The killer bee stings you but does no damage. x2
Unknown command.
Casting: Stone Arrow (mildly dangerous; 3% risk of failure)
Confirm with . or Enter, or press ? or * to list all spells.
Aiming: Searing Ray (safe; 1% risk of failure)
Press: ? - help, Shift-Dir - straight line, f - killer bee
Aim: a killer bee (65% to hit)
The searing ray hits the killer bee!
The killer bee is heavily wounded. (Press . to maintain the ray.)
You feel sick.
The killer bee stings you but does no damage.
The killer bee stings you.
* * * LOW HITPOINT WARNING * * *
Unknown command.
Unknown command.
It was a potion of curing.
You feel better.
The killer bee stings you but does no damage. x2
You hit the killer bee.
The killer bee is severely wounded.
The killer bee stings you.
* * * LOW HITPOINT WARNING * * *
The killer bee stings you but does no damage. x2
You closely miss the killer bee.
The killer bee is severely wounded.
The killer bee stings you but does no damage.
The killer bee stings you.
* * * LOW HITPOINT WARNING * * *
Unknown command.
You barely miss the killer bee.
The killer bee is severely wounded.
The killer bee stings you but does no damage. x2
The killer bee stings you.
* * * LOW HITPOINT WARNING * * *
Unknown command.
You hit the killer bee.
The killer bee is almost dead.
The killer bee stings you.
You die...

.#. ..# #..#
..# ...###..#
#.# #S.##....##
#.#
#.#.#..##..#
#/#.##.#.####.#
#[###.#.# #.#
#$#.##.#.# #.##
#†#.#y#.#.#
#..##### #
#.###.#♣...#
##..∩..##. ..#
##†.#..#
#####)... .#?
....##.##
#...<). # #
...### #.#
.....###.. ##
#.[ ##### )#
#.# .# ### .#
##


You could see a killer bee.

Vanquished Creatures
  Grinder (D:3)
  Eustachio (D:4)
  Edmund (D:6)
  3 water moccasins (D:7)
  A black bear (D:6)
  A kobold brigand (Sewer)
  2 bullfrogs
  4 scorpions
  A howler monkey (D:6)
  3 hounds
  2 sleepcaps
  Crazy Yiuf (D:5)
  Terence (D:2)
  3 iguanas
  4 orc wizards
  3 adders
  3 gnolls (D:5)
  3 river rats
  A shadow imp (D:6)
  A ribbon worm (D:3)
  A dart slug (D:4)
  12 orcs
  11 ball pythons
  8 endoplasms
  6 giant cockroaches
  6 goblins
  8 hobgoblins
  10 jackals
  2 quokkas
  5 bats
  5 frilled lizards
  13 kobolds
  7 rats
134 creatures vanquished.

Notes
Turn   | Place    | Note
-------+----------+-------------------------------------------
     0 | D:1      | McKennaii the Demigod Conjurer began the quest for the Orb.
     0 | D:1      | Reached XP level 1. HP: 14/14 MP: 5/5
   310 | D:1      | Reached XP level 2. HP: 20/20 MP: 4/7
   313 | D:1      | Learned a level 2 spell: Searing Ray
   558 | D:1      | Reached skill level 4 in Conjurations
   870 | D:1      | Found Nootret's Antique Armour Shoppe.
  1240 | D:2      | Reached XP level 3. HP: 26/26 MP: 7/9
  1311 | D:2      | Noticed Terence
  1367 | D:2      | Killed Terence
  1711 | D:2      | Reached XP level 4. HP: 33/33 MP: 6/11
  1716 | D:2      | Learned a level 4 spell: Iskenderun's Mystic Blast
  2511 | D:3      | Noticed Grinder
  2517 | D:3      | Paralysed by Grinder for 3 turns
  2523 | D:3      | Killed Grinder
  2524 | D:3      | Reached skill level 5 in Conjurations
  2524 | D:3      | Reached XP level 5. HP: 38/38 MP: 0/14
  2948 | D:4      | Found a staircase to the Ecumenical Temple.
  3325 | D:4      | Reached XP level 6. HP: 45/45 MP: 10/15
  3363 | D:4      | Identified the +4 robe of Protective Custody {rC+}
  3379 | D:4      | Noticed Eustachio
  3402 | D:4      | Killed Eustachio
  3913 | D:5      | Entered Level 5 of the Dungeon
  3968 | D:5      | Reached skill level 6 in Conjurations
  4134 | D:5      | Found a runed translucent door.
  4135 | D:5      | Noticed Crazy Yiuf
  4395 | D:5      | Reached XP level 7. HP: 49/50 MP: 9/17
  4464 | D:5      | Reached skill level 5 in Spellcasting
  4896 | D:5      | Killed Crazy Yiuf
  5063 | D:6      | Found a glowing drain.
  5073 | Sewer    | Entered a sewer
  5641 | D:6      | Reached skill level 7 in Conjurations
  5988 | D:6      | Noticed Edmund
  5997 | D:6      | Killed Edmund
  5998 | D:6      | Reached XP level 8. HP: 56/57 MP: 11/21
  6009 | D:6      | Learned a level 3 spell: Stone Arrow
  6306 | D:7      | Found Leghulu's Weapon Shoppe.
  6518 | D:7      | Reached skill level 8 in Conjurations
  6530 | D:7      | HP: 4/85 [poisoned by a water moccasin]
  6530 | D:7      | HP: 1/85 [killer bee (3)]
  6535 | D:7      | Slain by a killer bee

Illustrated notes

Levels and vault maps discovered:
D:1:      dpeg_arrival_boxorama, layout_basic, serial_shops, shop
D:2:      layout_basic, uniq_terence
D:3:      layout_rooms, nicolae_dithmenos_shadow_blocks,
          nicolae_overflow_hidden_temple, overflow_temple_1_default,
          ebering_ecumenical_altar_webs, amethyst_killhole, uniq_grinder
D:4:      layout_loops_ring, mainiacjoe_overflow_catwalk_spiral, temple_doors_e,
          uniq_eustachio
D:5:      layout_loops_ring, uniq_crazy_yiuf_cottage
D:6:      layout_basic, portal_sewer_entry_a, minmay_misc_feat_room, uniq_edmund
D:7:      layout_rooms, serial_shops, shop, minmay_circle_x, uniq_maurice,
          uniq_menkaure

Skill      XL: |  1  2  3  4  5  6  7  8 |
---------------+-------------------------+-----
Spellcasting   | 2 3 4 6 7 |  7.1
Conjurations   | 4 5 6 7 8 |  8.4
Dodging        | |  1.7
Stealth        | |  1.7

Action                     |  1- 3 |  4- 6 |  7- 9 || total
---------------------------+-------+-------+-------++-------
  Melee: Unarmed           |     4 |       |       ||     4
         Rapier            |       |       |    32 ||    32
   Cast: Magic Dart        |    75 |    86 |    62 ||   223
         Searing Ray       |     4 |    10 |    17 ||    31
         Stone Arrow       |       |       |    18 ||    18
    Use: Potion            |       |       |     4 ||     4
 Armour: Robe              |    13 |     4 |       ||    17
         Leather armour    |       |     6 |    97 ||   103
         Skin              |       |       |    20 ||    20
  Dodge: Dodged            |    14 |     7 |    34 ||    55
